 Dungeon Crawl Stone Soup version 0.30-a0-728-gc68057be0a (webtiles) character file.

Game seed: 17171324835923482196

409 Dittersdorf the Trooper (level 6, 0/40 HPs)
             Began as a Gargoyle Fighter on Jan 30, 2023.
             Slain by a gnoll
             ... wielding a +2 flail of holy wrath
              (2 damage)
             ... on level 4 of the Dungeon.
             The game lasted 00:03:07 (2569 turns).

Dittersdorf the Trooper (Gargoyle Fighter)          Turns: 2569, Time: 00:03:07

Health: 0/40       AC: 17    Str: 21    XL:     6   Next: 89%
Magic:  6/6        EV:  7    Int:  9    God:
Gold:   139        SH:  4    Dex:  9    Spells: 5/5 levels left

rFire   + . .      SeeInvis .    n - +0 flail (drain)
rCold   + . .      Faith    .    c - +0 buckler
rNeg    + . .      Spirit   .    i - +0 chain mail
rPois   ∞          Reflect  .    l - +2 helmet
rElec   +          Harm     .    e - scarf {rC+ rF+}
rCorr   .          Rampage  .    (no gloves)
Will    +....                    (no boots) Stlth
                                 (no amulet)
HPRegen 0.26/turn                j - ring of willpower
MPRegen 0.10/turn                (no ring)

@: no status effects
A: sickness immunity, AC +4, negative energy resistance 1, electricity
resistance, torment resistance 1, petrification resistance
a: no special abilities


You were on level 4 of the Dungeon.
You visited 1 branch of the dungeon, and saw 4 of its levels.

You collected 139 gold pieces.

Inventory:

Hand Weapons
 n - a +0 flail of draining (weapon)
Missiles
 g - 11 poisoned darts (quivered)
Armour
 c - a +0 buckler (worn)
 e - a scarf of resistance (worn)
 i - a +0 chain mail (worn)
 l - a +2 helmet (worn)
Jewellery
 j - a ring of willpower (left hand)
Scrolls
 b - 4 scrolls of noise {unknown}
 h - 4 scrolls of poison {unknown}
 k - 2 scrolls of teleportation {unknown}
 m - 2 scrolls of fog {unknown}
Potions
 a - 2 potions of flight
 d - a potion of might
 o - a potion of mutation
 r - a potion of heal wounds


   Skills:
 + Level 5.0 Fighting
 + Level 3.9 Maces & Flails
 + Level 5.0 Armour
 + Level 4.9 Shields


You had 5 spell levels left.
You didn't know any spells.
Your spell library was empty.

Dungeon Overview and Level Annotations

Branches:
Dungeon (4/15)
 Temple: D:4-7

Altars:
Sif Muna

Annotations:
D:3 3 runed translucent doors, bigduke15's ghost, amateur FoFi


Innate Abilities, Weirdness & Mutations

You are immune to sickness and miasma.
Your stone body is resilient. (AC +4)
You are immune to poison.
You resist negative energy. (rN+)
You are resistant to electric shocks. (rElec)
You are resistant to unholy torment.
You are immune to petrification.


Message History

The gnoll is severely wounded.
The gnoll hits you but does no damage. x2
You closely miss the gnoll.
The gnoll is severely wounded.
The gnoll hits you from afar with a +0 spear.
* * * LOW HITPOINT WARNING * * *
You block the gnoll's attack.
You completely miss the gnoll.
The gnoll hits you but does no damage. x2
You closely miss the gnoll. The gnoll hits you but does no damage.
The gnoll hits you from afar with a +0 spear.
* * * LOW HITPOINT WARNING * * *
You hit the gnoll. You drain the gnoll.
The gnoll is heavily wounded.
The gnoll hits you but does no damage.
The gnoll hits you from afar with a +0 spear.
* * * LOW HITPOINT WARNING * * *
You hit the gnoll but do no damage. You drain the gnoll.
The gnoll is severely wounded.
The gnoll hits you with a +0 whip.
* * * LOW HITPOINT WARNING * * *
You block the gnoll's attack.
The gnoll hits you but does no damage. x2
You hit the gnoll. You drain the gnoll.
You kill the gnoll!
The gnoll throws a throwing net.
The throwing net hits you.
You become entangled in the net!
Your Armour skill increases to level 5!
You struggle against the net.
The gnoll hits you but does no damage. The gnoll completely misses you.
You struggle against the net.
The gnoll hits you with a +2 flail of holy wrath.
* * * LOW HITPOINT WARNING * * *
The gnoll hits you but does no damage.
You struggle against the net.
The gnoll hits you but does no damage. x2
You rip the net and break free!
The gnoll barely misses you. The gnoll hits you but does no damage.
You hit the gnoll.
The gnoll is severely wounded.
You block the gnoll's attack.
The gnoll hits you with a +2 flail of holy wrath.
You die...

#.# ... ..####.##.#.###
o........#...###########
#...#####...........#
#.(...#...#########.#
##.#..#..## #.#
...##.g.## #.#
#######g## #.# #@# #.#
#.# ###.# #+# #..†#
#.### ######.####
#.........# #.##...##.##
+†..........
#<##....#.##


You could see 2 gnolls.

Vanquished Creatures
  Blork the orc (D:4)
  A vampire bat (D:3)
  Natasha (thrice) (D:2)
  Robin (D:2)
  2 gnolls (D:4)
  4 adders
  3 worms (D:2)
  3 fire bats (D:3)
  An orc (D:3)
  2 spectral bats (D:3)
  2 ball pythons
  3 bat skeletons (D:3)
  A bat zombie (D:3)
  3 endoplasms
  2 giant cockroaches
  12 goblins
  3 hobgoblins
  11 jackals
  2 kobolds
  3 quokkas
  14 bats
  A bat simulacrum (D:3)
  6 frilled lizards
  4 rats (D:1)
88 creatures vanquished.

Notes
Turn   | Place    | Note
-------+----------+-------------------------------------------
     0 | D:1      | Dittersdorf the Gargoyle Fighter began the quest for the
                  | Orb.
     0 | D:1      | Reached XP level 1. HP: 14/14 MP: 1/1
   293 | D:1      | Reached XP level 2. HP: 19/19 MP: 2/2
   851 | D:2      | Reached XP level 3. HP: 8/23 MP: 3/3
   941 | D:2      | Noticed Robin
  1001 | D:2      | Killed Robin
  1110 | D:2      | Reached XP level 4. HP: 27/29 MP: 4/4
  1269 | D:2      | Noticed Natasha
  1277 | D:2      | Killed Natasha
  1306 | D:2      | Noticed Natasha
  1314 | D:2      | Killed Natasha
  1315 | D:2      | Reached XP level 5. HP: 33/33 MP: 5/5
  1431 | D:2      | Identified the +5 rapier "Dyschif" {heavy, Int+2 Dex+4}
  1657 | D:2      | Noticed Natasha
  1663 | D:2      | Killed Natasha
  1824 | D:3      | Found a shimmering blue altar of Sif Muna.
  1943 | D:3      | Found a runed translucent gate.
  1943 | D:3      | Found a runed translucent gate.
  1945 | D:3      | Found a runed translucent gate.
  1945 | D:3      | Noticed bigduke15's ghost (amateur FoFi)
  2009 | D:3      | Found a faded altar of an unknown god.
  2136 | D:3      | Reached XP level 6. HP: 39/39 MP: 6/6
  2527 | D:4      | Noticed Blork the orc
  2557 | D:4      | Killed Blork the orc
  2558 | D:4      | Reached skill level 5 in Fighting
  2565 | D:4      | Reached skill level 5 in Armour
  2566 | D:4      | HP: 1/40 [gnoll/+2 flail of holy wrath (5)]
  2569 | D:4      | Slain by a gnoll

Illustrated notes

Levels and vault maps discovered:
D:1:      lightli_molten_gateway, layout_loops_ring
D:2:      layout_basic, supply_closet_lemuel, uniq_robin, uniq_natasha
D:3:      layout_rooms, mainiacjoe_overflow_catwalk,
          dreamdust_ecumenical_altar_angels_and_demons, gammafunk_ghost_split,
          goddamned_bats
D:4:      layout_loops_corners, enter_ossuary_3, serial_shops,
          nicolae_shop_crystal, bh_walls_and_bars, uniq_blork_the_orc,
          uniq_eustachio

Skill      XL: |  1  2  3  4  5  6 |
---------------+-------------------+-----
Fighting       | 4 5 |  5.0
Armour         | 4 5 |  5.0
Shields        | 4 |  4.9
Maces & Flails | 3 |  3.9

Action                     |  1- 3 |  4- 6 || total
---------------------------+-------+-------++-------
  Melee: Flail             |   125 |   195 ||   320
  Throw: Dart              |       |     1 ||     1
    Use: Scroll            |       |     6 ||     6
 Armour: Scale mail        |    13 |       ||    13
         Chain mail        |    75 |   241 ||   316
  Dodge: Dodged            |    43 |   115 ||   158
  Block: Buckler           |    33 |    62 ||    95

Table legend: (Time is in decaauts)
 A = Elapsed time spent in this place.
 B = Non-inter-level travel time spent in this place.
 C = Inter-level travel time spent in this place.
 D = Time resting spent in this place.
 E = Time spent auto-exploring this place.
 F = Levels seen in this place.
 G = Mean time per level.
                   A        B        C        D        E       F      G
               +--------+--------+--------+--------+--------+-----+--------+
         Total |   2668 |   2567 |    101 |    140 |   1713 |   4 |  667.0 |
       Dungeon |   2668 |   2567 |    101 |    140 |   1713 |   4 |  667.0 |
               +--------+--------+--------+--------+--------+-----+--------+

Top non-repeatable levels by time:
     D:2: 1016 daAuts
     D:1: 854 daAuts
     D:3: 679 daAuts
     D:4: 118 daAuts
